 Dungeon Crawl Stone Soup version 0.29.1-1-gd02db6906a (webtiles) character file.

Game seed: 2252364936392501823

18 gzilladon the Chopper (level 2, 0/27 HPs)
             Began as a Hill Orc Monk on Sept 26, 2022.
             Slain by an adder (2 damage)
             ... on level 1 of the Dungeon.
             The game lasted 00:02:13 (704 turns).

gzilladon the Chopper (Hill Orc Monk)                Turns: 704, Time: 00:02:14

Health: 0/27       AC:  7    Str: 13    XL:     2   Next: 66%
Magic:  2/2        EV: 11    Int: 10    God:
Gold:   15         SH:  0    Dex: 13    Spells: 1/1 levels left

rFire   . . .      SeeInvis .   a - +0 hand axe
rCold   . . .      Faith    .   (no shield)
rNeg    . . .      Spirit   .   f - +0 ring mail
rPois   .          Reflect  .   d - +0 helmet
rElec   .          Harm     .   (no cloak)
rCorr   .          Rampage  .   i - +0 pair of gloves
Will    .....                   (no boots)
Stlth   +.........              (no amulet)
HPRegen 0.09/turn               (no ring)
MPRegen 0.08/turn               (no ring)

@: no status effects
A: no striking features
a: no special abilities


You were on level 1 of the Dungeon.
You visited 1 branch of the dungeon, and saw 2 of its levels.

You collected 15 gold pieces.

Inventory:

Hand Weapons
 a - a +0 hand axe (weapon)
Missiles
 e - 2 poisoned darts (quivered)
Armour
 b - a +0 robe
 d - a +0 helmet (worn)
 f - a +0 ring mail (worn)
 i - a +0 pair of gloves (worn)
Scrolls
 g - a scroll of blinking {unknown}
 h - a scroll of teleportation {unknown}


   Skills:
 + Level 3.9 Fighting
 + Level 4.5 Axes
 + Level 0.2 Armour
 + Level 2.6 Dodging
 + Level 1.6 Stealth


You had one spell level left.
You didn't know any spells.
Your spell library contained the following spells:

 Spells                   Type           Power      Damage    Failure   Level
 Frozen Ramparts          Ice            0%         1d1       94%         3
 Ice Form                 Ice/Tmut       0%         N/A       100%        4
 Summon Ice Beast         Ice/Summ       0%         N/A       100%        4


Dungeon Overview and Level Annotations

Branches:
Dungeon (2/15)

Altars:


Message History

The iguana bites you.
You hit the adder.
The adder is severely wounded.
You hit the iguana. The adder bites you.
* * * LOW HITPOINT WARNING * * *
You are poisoned.
The adder poisons you! The iguana bites you.
* * * LOW HITPOINT WARNING * * *
The adder bites you but does no damage.
You are confused.
You feel invigorated.
You feel sick. The adder bites you.
* * * LOW HITPOINT WARNING * * *
The iguana bites you but does no damage.
You feel sick. The adder barely misses you.
You feel sick. The iguana completely misses you.
The adder bites you but does no damage.
You barely miss the adder.
The adder is severely wounded.
You barely miss the iguana.
You feel less invigorated.
You feel less confused.
You feel sick. The adder bites you. The iguana closely misses you.
The adder attacks as you move away! The adder bites you but does no damage.
You feel sick.
You feel sick.
You are no longer poisoned.
The adder misses you. The adder attacks as you move away!
The adder barely misses you. The iguana attacks as you move away!
The iguana bites you!
* * * LOW HITPOINT WARNING * * *
The adder attacks as you move away! The adder closely misses you.
The adder bites you but does no damage. The adder attacks as you move away!
The adder closely misses you.
There is a stone staircase leading up here.
The adder bites you but does no damage.
You climb upwards.
There is a stone staircase leading down here.
You hit the adder.
The adder is severely wounded.
The adder misses you. The adder bites you.
You die...

#.###.#.###.# #..# ##'##
#.#.#.#.#.# ... ##...##
#$#.<.#.# #.### ##.....#
#.#.#.# #####.#.## ##.......
##.#.###.#........####........
##.## #......†.....'........
####.#.# ..###....####........
#.#.###.# ##.#.## ##.>.....
#..### #.# #@>#.# ##.....#
#.##.# ... #S##.# .......
#.##.# ##. #.##.# ###+###
#....# . #.##$# ####.######..
.....# #......... #.#### #
##.####### #.# ## #.# #.# .#
#.#


You could see an adder.

Vanquished Creatures
  2 giant cockroaches (D:1)
  6 jackals (D:1)
  A quokka (D:1)
  2 ball pythons (D:1)
  2 bats (D:1)
  A frilled lizard (D:1)
  2 rats (D:1)
16 creatures vanquished.

Notes
Turn   | Place    | Note
-------+----------+-------------------------------------------
     0 | D:1      | gzilladon the Hill Orc Monk began the quest for the Orb.
     0 | D:1      | Reached XP level 1. HP: 19/19 MP: 1/1
   286 | D:1      | Reached XP level 2. HP: 12/27 MP: 2/2
   698 | D:2      | HP: 1/27 [iguana (12)]
   704 | D:1      | Slain by an adder

Illustrated notes

Levels and vault maps discovered:
D:1:      minmay_arrival_diagonal_passages, layout_loops_corners,
          basic_ecumenical_altar
D:2:      layout_basic, minmay_pentomino_z4

Action                   || total
-------------------------++-------
Melee: Hand axe          ||    54
  Use: Potion            ||     1
 Stab: Sleeping          ||     1
Armor: Robe              ||     8
       Ring mail         ||    27
Dodge: Dodged            ||    65
